Map: Nightscape LE

Players

Cawich

  • Race: Terran Terran
  • League: Diamond

Stevy

  • Race: Zerg Zerg

Phaon - Winner!

  • Race: Zerg Zerg
  • League: Master

Napolitain - Winner!

  • Race: Terran Terran
  • League: Diamond

VOD

Have the link to the VOD?

Description

Time

  • Played on: Aug. 19, 2021, 10:12 a.m.
  • Length: 6:49
Show
View Real Time Build Order
Export as new Build Order

Cawich Terran 

Build Orders:  

Get SALT Encoding   

  12  0:00  SCV  
  13  0:12  SCV  
  14  0:17  Supply Depot  
  14  0:24  SCV  
  15  0:38  SCV  
  15  0:39  Barracks  
  16  0:51  SCV  
  16  0:55  Barracks  
  17  1:00  Refinery  
  17  1:03  SCV  
  18  1:10  Refinery  
  18  1:15  SCV  
  19  1:27  Barracks  
  19  1:34  Orbital Command  
  19  1:39  Barracks Reactor  
  19  1:49  Engineering Bay  
  19  1:54  Barracks Tech Lab  
  19  2:00  SCV  
  20  2:13  SCV  
  20  2:14  Stimpack  
  21  2:17  Barracks Tech Lab  
  21  2:25  SCV  
  21  2:26  Terran Infantry Weapons Level 1  
  22  2:35  Marine  
  23  2:43  Supply Depot  
  23  2:45  Combat Shield  
  23  2:52  Supply Depot  
  23  3:04  Marine x2, Marauder x2  
  29  3:06  Supply Depot  
  29  3:22  Marine x2  
  29  3:26  Marauder x2  
  35  3:29  Supply Depot  
  35  3:39  Marine x2  
  37  3:47  Marauder x2  
  41  3:51  Supply Depot  
  41  3:57  Marine x2  
  43  4:09  Marauder x2  
  47  4:15  Marine x2  
  49  4:18  SCV  
  49  4:22  Supply Depot  
  50  4:27  Concussive Shells  
  50  4:30  Marauder  
  52  4:33  Marine x2  
  52  4:35  Marauder  
  56  5:05  Marine x2  
  56  5:06  Marauder x2  
  45  5:23  Marine x2  
  45  5:27  Marauder x2  
  51  5:41  Marine x2  
  53  5:49  Marauder, Marine  
  40  5:59  Marine x2  
  41  6:07  Marauder  
  41  6:10  Marauder  
  40  6:16  Marine  
  40  6:17  Marine  
  40  6:24  Supply Depot  
  40  6:25  Supply Depot  
Show
View Real Time Build Order
Export as new Build Order

Stevy Zerg 

Build Orders: Pool First 

Get SALT Encoding   

  12  0:00  Drone  
  13  0:12  Overlord  
  13  0:18  Drone  
  14  0:32  Drone x2  
  16  0:36  Extractor  
  15  0:43  Spawning Pool  
  15  0:46  Drone  
  15  0:51  Drone  
  16  1:11  Drone x2  
  18  1:24  Hatchery  
  17  1:32  Zergling x4  
  19  1:43  Metabolic Boost  
  19  1:55  Queen  
  19  1:57  Overlord  
  21  2:09  Overlord  
  21  2:25  Zergling x6  
  24  2:31  Queen  
  26  2:50  Zergling x8  
  26  2:51  Queen  
  32  3:08  Zergling x2  
  32  3:09  Zergling x2  
  34  3:14  Hatchery  
  33  3:20  Zergling x8  
  37  3:36  Zergling x4  
  37  3:37  Zergling x6  
  42  3:45  Zergling x4  
  44  4:07  Overlord x2  
  44  4:09  Overlord  
  44  4:26  Zergling x2  
  44  4:27  Zergling x14  
  52  4:32  Zergling x2  
  52  4:38  Zergling x4  
  55  4:41  Zergling x2  
  55  4:44  Zergling x2  
  57  4:50  Zergling x4  
  59  4:55  Zergling x2  
  59  4:59  Zergling x4  
  40  5:09  Zergling x2  
  40  5:10  Zergling x4  
  36  5:15  Zergling x2  
  36  5:16  Zergling x2  
  34  5:31  Zergling x2  
  34  5:32  Zergling x8  
  34  5:34  Zergling x2  
  38  5:39  Zergling x2  
  39  5:52  Zergling x2  
  39  5:53  Zergling x6  
  35  5:57  Zergling x2  
  35  5:58  Zergling x2  
  34  6:16  Zergling x2  
  34  6:17  Zergling x10  
  35  6:27  Zergling x4  
  35  6:28  Zergling x2  
Show
View Real Time Build Order
Export as new Build Order

Phaon Zerg - Winner!

Build Orders: Hatch First, Zergling Baneling 

Get SALT Encoding   

  12  0:00  Drone  
  13  0:12  Overlord  
  13  0:17  Drone  
  14  0:30  Drone x2  
  16  0:51  Hatchery  
  16  0:52  Drone  
  16  0:56  Drone  
  17  0:59  Drone  
  18  1:11  Extractor  
  17  1:15  Spawning Pool  
  16  1:19  Drone  
  16  1:21  Drone  
  18  1:30  Drone  
  19  1:42  Drone  
  20  2:03  Queen x2  
  20  2:05  Zergling x6  
  27  2:11  Overlord  
  27  2:15  Zergling x2  
  28  2:16  Metabolic Boost  
  28  2:35  Zergling x4  
  28  2:36  Zergling x4  
  32  2:48  Baneling Nest  
  32  2:49  Queen  
  32  2:51  Overlord  
  33  2:57  Queen  
  35  3:02  Zergling x2  
  36  3:11  Overlord  
  38  3:12  Zergling x4  
  38  3:30  Zergling x2  
  38  3:31  Zergling x8  
  38  3:33  Baneling x2  
  42  3:41  Drone x2  
  42  3:42  Drone  
  42  3:47  Drone  
  46  3:53  Drone  
  47  3:57  Overlord  
  47  4:14  Baneling  
  47  4:15  Drone x4  
  52  4:24  Drone x4  
  55  4:35  Zergling x6  
  58  4:39  Queen  
  60  4:46  Baneling x2  
  60  4:47  Baneling x3  
  60  4:48  Overlord  
  47  5:10  Zergling x10  
  43  5:18  Zergling x8  
  41  5:30  Baneling x3, Zergling x2  
  41  5:31  Zergling x4  
  38  5:36  Zergling x2  
  29  5:51  Zergling x8  
  29  5:56  Baneling x2, Queen  
  31  5:58  Drone  
  31  5:59  Drone x4  
  34  6:10  Queen  
  35  6:17  Zergling x4  
  37  6:22  Zergling x4  
  39  6:29  Baneling x2  
  39  6:30  Zergling x2  
  39  6:31  Zergling x2  
Show
View Real Time Build Order
Export as new Build Order

Napolitain Terran - Winner!

Build Orders: 2 Factory, Hellion Opening, Mech 

Get SALT Encoding   

  12  0:00  SCV  
  13  0:12  SCV  
  14  0:16  Supply Depot  
  14  0:24  SCV  
  15  0:30  Refinery  
  15  0:38  SCV  
  16  0:44  Barracks  
  16  0:53  SCV  
  17  1:05  SCV  
  18  1:17  SCV  
  19  1:31  Orbital Command  
  19  1:33  Factory  
  19  1:51  Barracks Reactor  
  18  2:02  Command Center  
  18  2:04  SCV  
  19  2:17  SCV  
  20  2:31  Hellion  
  20  2:33  SCV  
  23  2:37  Supply Depot  
  23  2:39  Factory, Barracks Tech Lab  
  23  2:51  Refinery  
  23  2:59  SCV, Hellion x2  
  28  3:11  SCV  
  29  3:18  Orbital Command  
  29  3:22  Hellion x2  
  29  3:23  SCV  
  34  3:29  Infernal Pre-Igniter  
  34  3:35  SCV  
  35  3:46  Orbital Command  
  35  3:47  SCV  
  38  3:51  Hellion  
  38  3:54  Hellion  
  40  3:57  Cyclone  
  43  4:06  Barracks Tech Lab  
  43  4:09  SCV  
  44  4:12  SCV  
  45  4:19  Factory  
  45  4:21  SCV  
  46  4:26  SCV  
  47  4:32  Supply Depot  
  47  4:34  SCV  
  47  4:35  Refinery  
  47  4:36  Siege Tank  
  51  4:42  Hellion  
  51  4:44  SCV  
  54  4:52  Supply Depot  
  54  4:53  SCV  
  54  4:54  Hellion  
  54  4:58  Refinery, SCV  
  54  5:07  SCV  
  54  5:09  Supply Depot  
  54  5:11  SCV  
  56  5:18  Siege Tank  
  56  5:21  Hellion x2  
  48  5:33  Siege Tank  
  48  5:35  SCV x2  
  48  5:37  Supply Depot  
  48  5:42  Hellion x2  
  52  5:55  Armory  
  52  5:56  Armory  
  52  5:57  Siege Tank  
  52  5:59  SCV x2  
  50  6:11  SCV x2  
  50  6:12  Siege Tank  
  50  6:14  Hellion x2  
  59  6:18  Supply Depot  
  59  6:23  SCV x2  
Tags
 
Add a new tag
Caveats
  • Supply blocks, unpowered buildings, or Contaminate may cause inaccurate times.
  • Supply counts are checked every 10 seconds.